 Dungeon Crawl Stone Soup version 0.25-a0-578-gc91f01c (webtiles) character file.

Game seed: 11760916160912941327, levelgen mode: deterministic

5885 15 the Agent of Entropy (level 10, -6/76 HPs)
             Began as a Demonspawn Abyssal Knight on Mar 3, 2020.
             Was a Priest of Lugonu.
             Mangled by a large abomination (13 damage)
             ... summoned by Lugonu's corruption
             ... in a bailey.
             The game lasted 00:35:39 (8612 turns).

15 the Agent of Entropy (Demonspawn Abyssal Knight) Turns: 8612, Time: 00:35:41

Health: -6/76      AC:  9    Str: 14    XL:     10   Next: 52%
Magic:  0/17       EV: 13    Int: 15    God:    Lugonu [***...]
Gold:   298        SH:  4    Dex: 13    Spells: 19/19 levels left

rFire    + . .     SeeInvis .   O - +0 broad axe
rCold    + . .     Gourm    .   F - +0 buckler
rNeg     . . .     Faith    .   B - +3 leather armour {rC+}
rPois    .         Spirit   +   (helmet restricted)
rElec    .         Reflect  .   j - +0 cloak
rCorr    +         Harm     .   (no gloves)
MR       .....                  (no boots)
Stlth    ++........             (no amulet)
HPRegen  0.22/turn              M - ring of protection from fire
MPRegen  0.15/turn              q - ring of resist corrosion

@: no status effects
A: horns 2, icy blue scales 1, spiny 2, magic shield
a: Depart the Abyss, Bend Space, Banish, Renounce Religion


You were in a bailey.
You worshipped Lugonu.
Lugonu was most pleased with you.
You were not hungry.

You visited 2 branches of the dungeon, and saw 12 of its levels.
You visited the Abyss 1 time.
You also visited: Bailey.

You collected 529 gold pieces.
You spent 231 gold pieces at shops.

Inventory:

Hand Weapons
 a - a +1 hand axe
 f - a +1 vorpal mace
 g - a +1 mace of protection
 y - the +1 whip of Qiol {vorpal, rF+ rC+ rN+}
   (You found it on level 5 of the Dungeon)

   It inflicts extra damage upon your enemies.
   It protects you from fire.
   It protects you from cold.
   It protects you from negative energy.
 D - a +0 long sword of flaming
 O - a +0 broad axe (weapon)
Missiles
 t - 95 bolts
 L - 8 silver boomerangs (quivered)
Armour
 j - a +0 cloak (worn)
 B - a +3 leather armour of cold resistance (worn)
 E - +0 acid dragon scales
 F - a +0 buckler (worn)
 P - a +0 chain mail
Jewellery
 q - a ring of resist corrosion (right hand)
 u - an uncursed ring of stealth
 C - an uncursed ring of positive energy
 M - a ring of protection from fire (left hand)
Wands
 l - a wand of iceblast (10)
 s - a wand of digging (6)
 A - a wand of acid (3)
 K - a wand of flame (12)
Scrolls
 h - a scroll of identify
 i - 4 scrolls of remove curse
 k - a scroll of amnesia
 m - 3 scrolls of blinking
 o - 4 scrolls of enchant armour
 r - 3 scrolls of enchant weapon
 v - a scroll of immolation
 G - a scroll of magic mapping
Potions
 b - 2 potions of haste
 d - 3 potions of flight
 e - a potion of stabbing
 p - a potion of might
 x - 4 potions of brilliance
 z - 3 potions of curing
 H - a potion of magic
 I - a potion of heal wounds
 J - a potion of mutation
Comestibles
 c - 9 rations
 N - 14 chunks of flesh


   Skills:
 + Level 5.9 Fighting
 + Level 5.9(6.6) Axes
 + Level 4.5(5.9) Maces & Flails
 + Level 3.9 Armour
 + Level 4.2 Dodging
 + Level 3.0 Stealth
 * Level 2.9 Shields
 * Level 5.2 Spellcasting
 * Level 8.2 Invocations
 * Level 5.3 Evocations


You had 19 spell levels left.
You didn't know any spells.
Your spell library was empty.

Dungeon Overview and Level Annotations

Branches:
Dungeon (11/15)            Temple (1/1) D:4             Orc (0/2) D:11
 Bailey (1/1)
   Lair: D:8-11

Altars:
Ashenzari
Cheibriados
Dithmenos
Elyvilon
Fedhas
Gozag
Hepliaklqana
Kikubaaqudgha
Makhleb
Okawaru
Qazlal
Sif Muna
Trog
Uskayaw
Vehumet
Wu Jian
Xom
Yredelemnul
Zin
The Shining One

Shops:
D:7 ?

Annotations:
D:4 3 runed translucent doors, Heh's ghost, novice DsWz
D:8 1 transporter, Chalrif's ghost, novice HuWz
D:10 2 runed translucent doors, ew1980's ghost, journeyman FoFi
Abyss:1 Erolcha; Sonja Bailey corrupted


Innate Abilities, Weirdness & Mutations

You have a pair of horns on your head.
You are partially covered in icy blue scales. (AC +2)
You are mostly covered in sharp spines.
When hurt, damage is shared between your health and your magic reserves.


Message History

You block the starcursed mass's attack.
The small abomination is struck by your spines.
The small abomination hits you.
* * * LOW HITPOINT WARNING * * *
Unknown command.
The raiju closely misses you.
A starcursed mass splits.
Unknown command.
As you read the scroll of fear, it crumbles to dust.
You assume a fearsome visage.
The efreet is unaffected.
The tentacled monstrosity is unaffected.
The starcursed mass is unaffected.
The bone dragon is unaffected.
The small abomination is unaffected.
The large abomination is unaffected.
The starcursed mass is unaffected. x2; The raiju looks frightened!
The raiju barks!
The starcursed mass is unaffected. x2; The raiju bites the starcursed mass.
The raiju shocks the starcursed mass!
The starcursed mass shudders and is absorbed by its neighbour.
The large abomination is struck by your spines.
The large abomination hits you!
You die...

≈≈≈≈≈≈≈≈#
####.#≈≈≈≈≈≈.≈#
+..#..≈≈≈≈#≈.≈# ####
#og#.≈.≈≈≈.≈#≈# #..!
#)o#.X####.≈≈≈# +..!
#oo#..X§..≈X≈≈#
########).#..##h..≈.≈#
......##)###...#@#≈≈
._...#...).)≈D)xX#≈≈
.....).÷°)#.)X#.X.≈≈≈#
.....[#..☼#.Rx#.#.#≈≈#
#######[8#....#..#≈≈≈#
#####.....#.#.....≈≈≈#
....#...#.#.≈#..≈.≈≈≈#
....#.....#.≈.≈≈#...≈#
.⌠..#..###.+#≈.#≈≈≈≈≈.


You could see a raiju (fleeing), a neutral bone dragon, 4 neutral starcursed
masses, a neutral tentacled monstrosity, a neutral large abomination, a neutral
efreet and a neutral small abomination (wandering).

Vanquished Creatures
  An unseen horror (D:11)
  Pikel (D:7)
  Maggie (D:7)
  2 kobold demonologists (Bailey)
  A wyvern (D:11)
  Eustachio (D:5)
  3 black bears
  3 orc warriors (Bailey)
  2 ice beasts (D:9)
  2 sky beasts
  A necrophage (D:6)
  2 centaurs
  A crocodile (D:6)
  3 bullfrogs
  A big kobold (D:9)
  A water moccasin zombie (D:7)
  A scorpion (D:5)
  An electric eel (Bailey)
  A howler monkey (D:4)
  3 crimson imps
  4 jellies
  A centaur skeleton (D:5)
  5 orc wizards
  2 bullfrog skeletons
  Crazy Yiuf (D:2)
  2 orc priests
  2 hounds
  Ijyb (D:5)
  11 worker ants
  13 gnolls
  8 adders
  An ooze (D:3)
  An adder zombie (D:9)
  2 adder skeletons
  3 worms
  5 dart slugs
  3 leopard geckos
  19 orcs
  A ball python (D:7)
  5 giant cockroaches
  5 goblins
  8 hobgoblins
  16 jackals
  5 quokkas
  11 bats
  6 frilled lizards
  10 kobolds
  7 rats
190 creatures vanquished.

Vanquished Creatures (collateral kills)
  A centaur skeleton (D:11)
1 creature vanquished.

Vanquished Creatures (others)
  An orc knight (Bailey)
  2 orc warriors (Bailey)
  A howler monkey zombie (D:7)
  A gnoll (Bailey)
  2 orcs (Bailey)
7 creatures vanquished.

Grand Total: 198 creatures vanquished

Notes
Turn   | Place    | Note
-------+----------+-------------------------------------------
     0 | Abyss:1  | 15 the Demonspawn Abyssal Knight began the quest for the
                  | Orb.
     0 | Abyss:1  | Reached XP level 1. HP: 18/18 MP: 2/2
    36 | Abyss:1  | Noticed a neqoxec
    39 | D:1      | Escaped the Abyss
   368 | D:1      | Reached skill level 1 in Dodging
   368 | D:1      | Gained mutation: You have a pair of small horns on your
                  | head. [demonic ancestry]
   368 | D:1      | Reached XP level 2. HP: 24/24 MP: 3/3
   372 | D:1      | Reached * piety under Lugonu
  1048 | D:2      | Reached XP level 3. HP: 10/29 MP: 4/4
  1342 | D:2      | Found a runed translucent door.
  1343 | D:2      | Noticed Crazy Yiuf
  1359 | D:2      | Killed Crazy Yiuf
  1431 | D:2      | Reached XP level 4. HP: 32/35 MP: 5/5
  1527 | D:2      | Upgraded the game from 0.25-a0-577-ga4619f4 to
                  | 0.25-a0-578-gc91f01c
  1834 | D:2      | Reached ** piety under Lugonu
  2052 | D:3      | Gained mutation: You are partially covered in sharp spines.
                  | [demonic ancestry]
  2052 | D:3      | Reached XP level 5. HP: 41/41 MP: 6/6
  2544 | D:3      | Reached skill level 1 in Spellcasting
  2558 | D:3      | Reached skill level 1 in Maces & Flails
  3423 | D:4      | Found a staircase to the Ecumenical Temple.
  3436 | Temple   | Entered the Ecumenical Temple
  3603 | D:4      | Reached skill level 3 in Invocations
  3603 | D:4      | Reached XP level 6. HP: 36/47 MP: 8/8
  3648 | D:4      | Found a shadowy altar of Dithmenos.
  3757 | D:4      | Found a runed translucent gate.
  3757 | D:4      | Found a runed translucent gate.
  3757 | D:4      | Found a runed translucent gate.
  3757 | D:4      | Noticed Heh's ghost (novice DsWz)
  3960 | D:4      | Reached *** piety under Lugonu
  4278 | D:5      | Entered Level 5 of the Dungeon
  4529 | D:5      | Gained mutation: When hurt, damage is shared between your
                  | health and your magic reserves. [demonic ancestry]
  4529 | D:5      | Reached XP level 7. HP: 50/53 MP: 10/10
  4572 | D:5      | Reached skill level 4 in Invocations
  4750 | D:5      | Got a crystal whip
  4751 | D:5      | Identified the cursed +1 whip of Qiol {vorpal, rF+ rC+ rN+}
                  | (You found it on level 5 of the Dungeon)
  4883 | D:5      | Noticed Ijyb
  4910 | D:5      | Killed Ijyb
  5133 | D:5      | Reached skill level 1 in Evocations
  5139 | D:5      | Noticed Eustachio
  5162 | D:5      | Killed Eustachio
  5162 | D:5      | Reached skill level 5 in Invocations
  5162 | D:5      | Gained mutation: You are mostly covered in sharp spines.
                  | [demonic ancestry]
  5162 | D:5      | Reached XP level 8. HP: 50/60 MP: 12/12
  5686 | D:6      | Reached skill level 1 in Stealth
  6519 | D:7      | Noticed Maggie
  6532 | D:7      | Paralysed by Maggie for 2 turns
  6535 | D:7      | Paralysed by Maggie for 6 turns
  6567 | D:7      | Killed Maggie
  6567 | D:7      | Reached skill level 5 in Fighting
  6567 | D:7      | Reached skill level 6 in Invocations
  6567 | D:7      | Gained mutation: You have a pair of horns on your head.
                  | [demonic ancestry]
  6567 | D:7      | Reached XP level 9. HP: 19/68 MP: 3/15
  6919 | D:7      | Reached **** piety under Lugonu
  7009 | D:7      | Found a shattered altar of Ashenzari.
  7103 | D:7      | Found a snail-covered altar of Cheibriados.
  7204 | D:7      | Noticed Pikel
  7223 | D:7      | Killed Pikel
  7223 | D:7      | Reached skill level 5 in Axes
  7223 | D:7      | Reached skill level 1 in Shields
  7324 | D:7      | Found a hazy altar of Hepliaklqana.
  7406 | D:7      | Reached skill level 7 in Invocations
  7451 | D:7      | Found Vorphigoa's Magic Scroll Shoppe.
  7457 | D:7      | Bought a scroll of identify for 28 gold pieces
  7457 | D:7      | Bought a scroll of identify for 28 gold pieces
  7457 | D:7      | Bought a scroll of blinking for 105 gold pieces
  7457 | D:7      | Bought a scroll of identify for 28 gold pieces
  7457 | D:7      | Bought a scroll of remove curse for 42 gold pieces
  7572 | D:8      | Found a transporter.
  7577 | D:8      | Noticed Chalrif's ghost (novice HuWz)
  7577 | D:8      | You fall into a shaft and drop 3 floors!
  7639 | D:11     | Killed an unseen horror
  7716 | D:11     | Noticed Sonja
  7722 | D:11     | Gained mutation: You are partially covered in icy blue
                  | scales. (AC +2) [demonic ancestry]
  7722 | D:11     | Reached XP level 10. HP: 30/75 MP: 9/17
  7723 | D:11     | Banished Sonja
  8019 | D:11     | Noticed Erolcha
  8021 | D:11     | Banished Erolcha
  8021 | D:11     | Reached skill level 5 in Spellcasting
  8040 | D:10     | Entered Level 10 of the Dungeon
  8112 | D:10     | Found a runed translucent door.
  8116 | D:10     | Found a runed translucent door.
  8120 | D:10     | Noticed a skeletal warrior
  8121 | D:10     | Noticed a tengu reaver
  8121 | D:10     | Noticed a yaktaur captain
  8121 | D:10     | Noticed a skeletal warrior
  8122 | D:10     | Noticed a lich
  8122 | D:10     | Noticed a necromancer
  8123 | D:10     | Noticed ew1980's ghost (journeyman FoFi)
  8249 | D:9      | Reached skill level 5 in Evocations
  8372 | D:9      | Found a flagged portal.
  8440 | Bailey   | Entered a bailey
  8501 | Bailey   | Found an iron altar of Okawaru.
  8540 | Bailey   | Noticed an orc knight
  8558 | Bailey   | Reached skill level 8 in Invocations
  8596 | Bailey   | Corrupted Bailey
  8597 | Bailey   | Noticed a large abomination
  8599 | Bailey   | Noticed a starcursed mass
  8600 | Bailey   | Noticed a tentacled monstrosity
  8605 | Bailey   | Killed an orc knight
  8606 | Bailey   | Noticed a bone dragon
  8612 | Bailey   | Mangled by a large abomination

Levels and vault maps discovered:
D:1:      denvon_arrival_waterhouse, layout_basic
D:2:      layout_rooms, first_ration, serial_bayou_lagoon_a, nrook_mini_vaults,
          minmay_misc_feat_room, uniq_crazy_yiuf_cottage
D:3:      layout_basic
D:4:      kennysheep_six_static_rooms, layout_basic,
          nicolae_dithmenos_shadow_blocks, minmay_temple_entry_grid,
          ebering_ghost_rock_garden, st_stairs_12
D:5:      layout_basic, uniq_ijyb, uniq_eustachio
D:6:      layout_loops_corners
D:7:      layout_basic, marbit_many_paths, kennysheep_mini,
          ashenzari_conservatory_becter, serial_shops, shop, uniq_maggie,
          uniq_pikel
D:8:      layout_loops_ring, nemelex_xobeh_ov_fountains_minmay,
          erik_lair_island, serial_shops, shop, gammafunk_ghost_mausoleum,
          uniq_gastronok, uniq_harold
D:9:      layout_basic, nicolae_overflow_hidden_temple, enter_bailey_6
D:10:     layout_basic, muffindrake_ghost_dual_entry, grunt_ogre_cave,
          okawaru_trees_2
D:11:     layout_loops_ring, zombieorc1_lemuel, basic_altar, uniq_snorg,
          uniq_josephine, uniq_sonja, uniq_erolcha
Temple:   minmay_temple_bridge_d
Bailey:   bailey_axe_of_yendor_kennysheep, bailey

Skill      XL: |  1  2  3  4  5  6  7  8  9 10 |
---------------+-------------------------------+-----
Axes           | 2 3 4 5 |  5.9
Dodging        | 1 2 3 4 |  4.2
Armour         | 2 3 |  3.9
Spellcasting   | 1 2 3 4 5 |  5.2
Maces & Flails | 1 2 4 |  4.5
Invocations    | 3 5 6 7 8 |  8.2
Fighting       | 4 5 |  5.9
Evocations     | 1 3 4 5 |  5.3
Stealth        | 1 3 |  3.0
Shields        | 1 2 |  2.9

Action                   |  1- 3 |  4- 6 |  7- 9 | 10-12 || total
-------------------------+-------+-------+-------+-------++-------
Melee: Hand axe          |    92 |   103 |   128 |    37 ||   360
       Headbutt          |     7 |    22 |    48 |    11 ||    88
       Mace              |     7 |    99 |    94 |    18 ||   218
       Whip              |       |       |    67 |    37 ||   104
       Broad axe         |       |       |       |    12 ||    12
Invok: Depart the Abyss  |     1 |       |       |       ||     1
       Bend Space        |       |       |     1 |     1 ||     2
       Banish            |       |       |       |     2 ||     2
       Corrupt           |       |       |       |     1 ||     1
Evoke: Wand              |       |       |     2 |     7 ||     9
  Use: Scroll            |     3 |     6 |    14 |     2 ||    25
       Potion            |     1 |     1 |     3 |       ||     5
 Stab: Sleeping          |       |       |     2 |     1 ||     3
       Paralysed         |       |       |       |    17 ||    17
  Eat: Chunk             |     1 |    11 |     7 |     4 ||    23
       Ration            |       |       |     1 |       ||     1
Armor: Leather armour    |    45 |    85 |    89 |    28 ||   247
       Skin              |     9 |       |     7 |       ||    16
Dodge: Dodged            |    72 |   143 |   140 |    46 ||   401
Block: Buckler           |       |       |       |    19 ||    19

Table legend:
 A = Non-vault XP
 B = Vault XP
 C = Vault XP percentage of total XP
 D = Non-vault monster count
 E = Vault monster count
 F = Vault count percentage of total count
                 A         B        C        D         E       F
            +---------+---------+-------+---------+---------+-------
      Total |    4699 |    3709 |  44.1 |     166 |      29 |  14.9
            +---------+---------+-------+---------+---------+-------
        D:1 |      39 |       0 |   0.0 |      24 |       0 |   0.0
        D:2 |     116 |      41 |  26.1 |      26 |       1 |   3.7
        D:3 |     167 |       0 |   0.0 |      28 |       0 |   0.0
        D:4 |      98 |     140 |  58.8 |      10 |       4 |  28.6
        D:5 |     842 |     238 |  22.0 |      22 |       2 |   8.3
        D:6 |     876 |       0 |   0.0 |      17 |       0 |   0.0
        D:7 |     650 |    1054 |  61.9 |      25 |       3 |  10.7
        D:9 |     542 |       0 |   0.0 |       9 |       0 |   0.0
       D:10 |      85 |       0 |   0.0 |       1 |       0 |   0.0
       D:11 |    1284 |     887 |  40.9 |       4 |       2 |  33.3
     Bailey |       0 |    1349 | 100.0 |       0 |      17 | 100.0
            +---------+---------+-------+---------+---------+-------
